 Dungeon Sprint DCSS version 0.23-a0-629-gae4348f (webtiles) character file.

28 Lanoc the Ogre Mage (level 3, -2/31 HPs)
             Began as an Ogre Wizard on Dec 27, 2018.
             Slain by an ogre
             ... wielding a +0 giant spiked club
              (33 damage)
             ... in the Dungeon (Sprint I: "Red Sonja").
             The game lasted 00:00:32 (28 turns).

Lanoc the Ogre Mage (Ogre Wizard)                     Turns: 28, Time: 00:00:33

Health: -2/31      AC:  3    Str: 11    XL:     3   Next: 12%
Magic:  2/10       EV: 10    Int: 20    God:
Gold:   0          SH:  0    Dex:  7    Spells: 12/13 levels left

rFire    . . .     SeeInvis .   (no weapon)
rCold    . . .     Gourm    .   (no shield)
rNeg     . . .     Faith    .   a - +0 robe
rPois    .         Spirit   .   b - +0 hat
rElec    .         Reflect  .   (no cloak)
rCorr    .         Harm     .   (gloves unavailable)
MR       .....     NoTele   +   (boots unavailable)
Stlth    +.........             (no amulet)
HPRegen  0.10/turn              (no ring)
MPRegen  0.12/turn              (no ring)

@: no status effects
A: large, unfitting armour, tough skin 1
a: no special abilities


You were in the Dungeon.
You were not hungry.

You visited 1 branch

Inventory:

Hand Weapons
 l - a +0 dagger of freezing
Armour
 a - a +0 robe (worn)
 b - a +0 hat (worn)
Wands
 c - a wand of polymorph (3)
Scrolls
 j - a scroll of blinking
Potions
 e - a potion of curing
 f - a potion of heal wounds
 g - a potion of haste
 h - 2 potions of magic
 i - a potion of berserk rage
Comestibles
 d - a ration
 k - 2 chunks of flesh


   Skills:
 + Level 3.1 Dodging
 - Level 1.4 Stealth
 * Level 5.9 Spellcasting
 + Level 2.6 Conjurations
   Level 0.8 Summonings
   Level 0.8 Translocations


You had 12 spell levels left.
You knew the following spells:

 Your Spells              Type           Power        Failure   Level  Hunger
a - Magic Dart            Conj           ###.         3%          1    None

Your spell library contained the following spells:

 Spells                   Type           Power        Failure   Level  Hunger
 Blink                    Tloc           N/A          11%         2    None
 Call Imp                 Summ           #.......     11%         2    None
 Slow                     Hex            #.......     16%         2    None
 Conjure Flame            Conj/Fire      ##......     19%         3    ##.....
 Mephitic Cloud           Conj/Pois/Air  #.......     22%         3    ##.....


Dungeon Overview and Level Annotations

Branches:
Dungeon (1/1)

Altars:


Innate Abilities, Weirdness & Mutations

You are too large for most types of armour.
You have tough skin. (AC +1)


Message History

There is an open door, spattered with blood here.
You open the door.
An ogre comes into view. It is wielding a +0 giant spiked club.
The ogre shouts!
You release spores at the ogre!
The ogre is heavily wounded.
Your magical contamination has completely faded away.
You release spores at the ogre!
The ogre is severely wounded.
You stop sporulating.
Your +0 hat unmelds from your body.
Your +0 robe unmelds from your body.
The ogre closely misses you.
Really attack barehanded? [Y]es or [N]o only, please.
Really attack barehanded?
You hit the ogre but do no damage.
The ogre is severely wounded.
The ogre hits you with a +0 giant spiked club!!
Ouch! That really hurt!
You die...

##########
#<.#.@O..#
#..'..#..+
#[.#### +#
#..# #..#
#..# #⌠⌠#
####


You could see an ogre.

Vanquished Creatures
  Ijyb (D)
1 creature vanquished.

Notes
Turn   | Place    | Note
-------+----------+-------------------------------------------
     0 | D        | Lanoc the Ogre Wizard began the quest for the Orb.
     0 | D        | Reached XP level 1. HP: 16/16 MP: 5/5
     1 | D        | Noticed Ijyb
    14 | D        | Killed Ijyb
    14 | D        | Reached skill level 5 in Spellcasting
    14 | D        | Reached XP level 2. HP: 24/24 MP: 1/8
    14 | D        | Reached XP level 3. HP: 31/31 MP: 1/10
    25 | D        | Noticed an ogre
    28 | D        | Slain by an ogre

Vault maps used:
D:        dungeon_sprint_1

Skill      XL: |  1 |
---------------+----+-----
Dodging        | 3 |  3.1
Spellcasting   | 5 |  5.9
Conjurations   | 2 |  2.6
Stealth        | |  1.4
Summonings     | |  0.8
Translocations | |  0.8

Action                   || total
-------------------------++-------
Melee: Unarmed           ||     9
 Cast: Magic Dart        ||     4
Armor: Skin              ||     2
       Robe              ||     1
Dodge: Dodged            ||     3

Table legend:
 A = Non-vault XP
 B = Vault XP
 C = Vault XP percentage of total XP
 D = Non-vault monster count
 E = Vault monster count
 F = Vault count percentage of total count
                 A         B        C        D         E       F
            +---------+---------+-------+---------+---------+-------
      Total |       0 |      40 | 100.0 |       0 |       1 | 100.0
            +---------+---------+-------+---------+---------+-------
          D |       0 |      40 | 100.0 |       0 |       1 | 100.0
            +---------+---------+-------+---------+---------+-------
